 Dungeon Crawl Stone Soup version 0.22.0-5-gf09313c (webtiles) character file.

982 letownia2 the Insei (level 7, -7/51 HPs)
             Began as a Demonspawn Transmuter on Aug 13, 2018.
             Mangled by a hornet (8 damage)
             ... while paralysed by a hornet
             ... on level 4 of the Dungeon.
             The game lasted 00:13:18 (2256 turns).

letownia2 the Insei (Demonspawn Transmuter)         Turns: 2256, Time: 00:13:19

Health: -7/51      AC:  2    Str: 13    XL:     7   Next: 96%
Magic:  8/10       EV:  5    Int: 14    God:
Gold:   127        SH:  0    Dex: 18    Spells: 4/10 levels left

rFire    . . .     SeeInvis .     - Unarmed
rCold    . . .     Gourm    .   (shield currently unavailable)
rNeg     . . .     Faith    .   (armour currently unavailable)
rPois    x         Spirit   .   (helmet currently unavailable)
rElec    .         Reflect  .   (cloak currently unavailable)
rCorr    .         Harm     .   (gloves currently unavailable)
MR       .....                  (boots currently unavailable)
Stlth    +++.......             (no amulet)
HPRegen  0.17/turn              p - ring of stealth
MPRegen  0.12/turn              (no ring)

@: paralysed, lethally poisoned (-7 -> -22), spider-form (expiring), slowed
A: tiny, flame cloud immunity
a: End Transformation


You were on level 4 of the Dungeon.
You were hungry.
You were a venomous arachnid creature.
You visited 1 branch of the dungeon, and saw 5 of its levels.

You collected 127 gold pieces.

Inventory:

Hand Weapons
 q - a +2 dagger of venom
Missiles
 a - 70 arrows
 h - 25 bolts
 i - 6 tomahawks (quivered)
Armour
 b - a +0 robe
 f - a cursed -1 helmet
 r - a +0 leather armour (melded)
 s - a +0 ring mail
Jewellery
 p - a ring of stealth (left front leg)
Wands
 t - a wand of clouds (6)
Scrolls
 c - 5 scrolls of identify {unknown}
 e - 2 scrolls of remove curse {unknown}
 g - 3 scrolls of fog {unknown}
 j - a scroll of teleportation {unknown}
 m - a scroll of noise {unknown}
 o - 2 scrolls of immolation {unknown}
Potions
 k - a potion of invisibility {unknown}
 l - a potion of might {unknown}
 n - a potion of flight {unknown}
 u - 2 potions of curing {unknown}
Comestibles
 d - 8 rations
 v - a chunk of flesh


   Skills:
 - Level 2.8 Fighting
 - Level 2.3 Armour
 - Level 1.7 Dodging
 + Level 7.4 Unarmed Combat
 - Level 2.0 Spellcasting
 - Level 3.1 Transmutations
 - Level 1.3 Poison Magic


You had 4 spell levels left.
You knew the following spells:

 Your Spells              Type           Power        Failure   Level  Hunger
a - Beastly Appendage     Tmut           ##....       19%         1    ##.....
l - Sticks to Snakes      Tmut           ##......     24%         2    ###....
p - Spider Form           Tmut/Pois      #.........   50%         3    ####...

Your spell library contained the following spells:

 Spells                   Type           Power        Failure   Level  Hunger
 Magic Dart               Conj           #...         45%         1    ##.....
 Throw Flame              Conj/Fire      #.....       56%         2    ###....
 Venom Bolt               Conj/Pois      #.........   100%        5    ######.
 Shock                    Conj/Air       #...         45%         1    ##.....
 Blade Hands              Tmut           ##........   96%         5    ######.
 Ice Form                 Ice/Tmut       #.......     90%         4    #####..
 Conjure Ball Lightning   Conj/Air       #.........   100%        6    #######
 Irradiate                Conj/Tmut      #.........   99%         5    ######.


Dungeon Overview and Level Annotations

Branches:
Dungeon (5/15)
 Temple: D:4-7

Altars:
Dithmenos
Elyvilon
Gozag
Kikubaaqudgha
Qazlal
Trog
Wu Jian


Innate Abilities, Weirdness & Mutations

((You have sharp toenails.))
((Your flesh is heat resistant. (rF+)))
You are immune to clouds of flame.


Message History

You feel yourself speed up. The hornet misses you.
The hornet barely misses you.
Unknown command.
You hit the hornet.
The hornet is moderately wounded.
The hornet closely misses you.
The hornet stings you but does no damage.
Unknown command.
You hit the hornet.
The hornet is heavily wounded.
Your transformation is almost over.
The hornet stings you!
You are poisoned.
You suddenly lose the ability to move!
You feel sick. The hornet stings you!
You feel yourself slow down.
You feel sick. The hornet stings you!
* * * LOW HITPOINT WARNING * * *
You feel as though you will be slow longer.
The hornet stings you!
You die...

#.###.....#'####............... #
#.#.......#...##........ #.....##
..#...<...#...#.........##.....##
..#...)...#...#..................
..+.......#...#..................
..#.......#...#..................
..#.......#...'..................
..#.......#...##y............).†.
..#.......######s.......##.....##
..).......#.............#####'###
..#.......#................)....#
###.......#.....................#
..#.......#.....................#
..#.......#.....................#
. #.......#.....................#
###.......#...##................#
.........##+####................#


You could see a hornet.

Vanquished Creatures
  Menkaure (D:5)
  An ice beast (D:4)
  2 eyes of draining (D:5)
  2 ogres (D:4)
  2 scorpions (D:4)
  A centaur zombie (D:5)
  A hound (D:5)
  2 iguanas
  2 orc wizards (D:4)
  5 adders
  5 gnolls
  A worm (D:4)
  3 dart slugs
  A leopard gecko (D:3)
  7 orcs (D:4)
  7 bats
  2 giant cockroaches
  6 jackals
  A ball python (D:1)
  4 frilled lizards
  9 goblins
  2 kobolds (D:1)
  A quokka zombie (D:5)
68 creatures vanquished.

Notes
Turn   | Place    | Note
-------+----------+-------------------------------------------
     0 | D:1      | letownia2 the Demonspawn Transmuter began the quest for the Orb.
     0 | D:1      | Reached XP level 1. HP: 15/15 MP: 3/3
    79 | D:1      | Reached skill level 3 in Unarmed Combat
    92 | D:1      | Mutation became permanent: You have razor-sharp toenails. [demonic ancestry]
    92 | D:1      | Gained mutation: You have claws for feet. [demonic ancestry]
    92 | D:1      | Reached XP level 2. HP: 17/21 MP: 1/5
   419 | D:2      | Reached XP level 3. HP: 12/26 MP: 6/6
   430 | D:2      | Learned a level 2 spell: Sticks to Snakes
   434 | D:2      | Learned a level 3 spell: Spider Form
   507 | D:2      | Found an ancient bone altar of Kikubaaqudgha.
   536 | D:2      | Found a faded altar of an unknown god.
   661 | D:3      | Reached skill level 1 in Poison Magic
   685 | D:3      | Reached skill level 4 in Unarmed Combat
   819 | D:4      | Reached XP level 4. HP: 15/32 MP: 0/7
   868 | D:5      | Entered Level 5 of the Dungeon
  1004 | D:4      | Noticed an ogre
  1031 | D:4      | Killed an ogre
  1031 | D:4      | Reached skill level 5 in Unarmed Combat
  1031 | D:4      | Gained mutation: Your flesh is heat resistant. (rF+) [demonic ancestry]
  1031 | D:4      | Reached XP level 5. HP: 26/37 MP: 4/8
  1123 | D:4      | Reached skill level 6 in Unarmed Combat
  1123 | D:4      | Gained mutation: You are immune to clouds of flame. [demonic ancestry]
  1123 | D:4      | Reached XP level 6. HP: 40/43 MP: 5/9
  1141 | D:4      | Noticed an ice beast
  1158 | D:4      | Identified Vehumet's Compendium of Confrontation
  1164 | D:4      | Killed an ice beast
  1229 | D:4      | Found a white marble altar of Elyvilon.
  1276 | D:4      | Found a shadowy altar of Dithmenos.
  1276 | D:4      | Found a stormy altar of Qazlal.
  1283 | D:4      | Reached skill level 1 in Armour
  1283 | D:4      | Reached XP level 7. HP: 49/49 MP: 6/10
  1522 | D:5      | Found an opulent altar of Gozag.
  1708 | D:5      | Found an ornate altar of the Wu Jian Council.
  1794 | D:5      | Found a bloodstained altar of Trog.
  1940 | D:5      | Noticed Menkaure
  1950 | D:5      | Killed Menkaure
  1950 | D:5      | Reached skill level 7 in Unarmed Combat
  2245 | D:4      | Noticed a hornet
  2254 | D:4      | Paralysed by a hornet for 3 turns
  2256 | D:4      | HP: 1/51 [hornet (15)]
  2256 | D:4      | Mangled by a hornet

Skill      XL: |  1  2  3  4  5  6  7 |
---------------+----------------------+-----
Unarmed Combat | 3 4 5 6 7 |  7.4
Poison Magic   | 1 |  1.3
Transmutations | 2 3 |  3.1
Armour         | 1 2 |  2.3
Fighting       | 2 |  2.8
Dodging        | |  1.7
Spellcasting   | |  2.0

Action                   |  1- 3 |  4- 6 |  7- 9 || total
-------------------------+-------+-------+-------++-------
Melee: Unarmed           |   103 |    56 |    67 ||   226
       Kick              |    20 |     4 |     8 ||    32
       Headbutt          |     6 |     1 |     4 ||    11
       Punch             |     2 |       |     1 ||     3
Throw: Tomahawk          |     8 |     7 |     1 ||    16
 Cast: Beastly Appendage |    16 |     4 |     4 ||    24
       Spider Form       |     3 |     6 |     8 ||    17
 Stab: Sleeping          |     1 |       |     1 ||     2
  Eat: Chunk             |     1 |     3 |     4 ||     8
Armor: Robe              |    14 |       |       ||    14
       Leather armour    |       |     2 |     2 ||     4
       Skin              |       |     2 |     2 ||     4
Dodge: Dodged            |    66 |    41 |    29 ||   136
